 Dungeon Crawl Stone Soup version bcrawl-1.27.8b (webtiles) character file.

Game seed: 6451280562620498846

173559 BeastOfSaturn the Conjurer (level 6, 0/41 HPs)
             Began as a Demonspawn Conjurer on Oct 29, 2020.
             Killed from afar by an orc wizard (2 damage)
             ... with a magic dart
             ... on level 5 of the Dungeon.
             The game lasted 00:13:41 (4104 turns).

BeastOfSaturn the Conjurer (Demonspawn Conjurer)    Turns: 4104, Time: 00:13:42

Health: 0/41       AC:  4    Str: 10    XL:     6   Next: 89%
Magic:  1/12       EV: 26    Int: 17    God:
Gold:   281        SH:  5    Dex: 13    Spells: 7/13 levels left

rFire    . . .     SeeInvis .   r - +1 trident (freeze)
rCold    . . .     Gourm    .   i - +0 buckler
rNeg     . . .     Faith    .   a - +0 robe
rPois    .         Spirit   .   (no helmet)
rElec    .         Reflect  .   (no cloak)
rCorr    .         Harm     .   (no gloves)
MR       .....                  (no boots)
Stlth    +++.......             d - amulet of the acrobat
HPRegen  0.13/turn              (no ring)
MPRegen  0.13/turn              (no ring)

@: no status effects
A: slimy green scales 1, nightstalker 1, rot immunity
a: no special abilities


You were on level 5 of the Dungeon.
You were not hungry.

You visited 1 branch of the dungeon, and saw 5 of its levels.

You collected 281 gold pieces.

Inventory:

Hand Weapons
 f - a +0 short sword
 l - a +1 dagger of distortion
 r - a +1 trident of freezing (weapon)
Armour
 a - a +0 robe (worn)
 i - a +0 buckler (worn)
Jewellery
 d - an amulet of the acrobat (around neck)
 o - an uncursed ring of wizardry {unknown}
Scrolls
 b - 4 scrolls of identify
 g - 2 scrolls of teleportation {unknown}
 m - 4 scrolls of remove curse {unknown}
 q - a scroll of enchant armour {unknown}
 u - a scroll of enchant weapon {unknown}
 v - a scroll of amnesia {unknown}
Potions
 c - a potion of magic
 h - a potion of degeneration {unknown}
 j - a potion of resistance {unknown}
 k - a potion of flight {unknown}
 n - a potion of curing {unknown}
 p - a potion of agility {unknown}
 s - 2 potions of might {unknown}
Comestibles
 e - a ration {!d}
 t - 2 chunks of flesh


   Skills:
 - Level 0.1 Short Blades
 + Level 0.3 Polearms
 - Level 2.0 Dodging
 - Level 2.0 Stealth
 * Level 1.8 Shields
 * Level 4.3 Spellcasting
 * Level 6.5 Conjurations


You had 7 spell levels left.
You knew the following spells:

 Your Spells              Type           Power        Failure   Level  Hunger
a - Magic Dart            Conj           ####         2%          1    None
b - Searing Ray           Conj           ####....     3%          2    None
c - Iskenderun's Mystic   Conj           ####....     7%          3    ###....

Your spell library contained the following spells:

 Spells                   Type           Power        Failure   Level  Hunger
 Fulminant Prism          Conj/Hex       ##........   65%         4    #####..
 Irradiate                Conj/Tmut      ##........   94%         5    ######.


Dungeon Overview and Level Annotations

Branches:
Dungeon (5/12)
 Temple: D:4-7

Altars:
Cheibriados
Elyvilon
Fedhas
Gozag
Hepliaklqana
Okawaru
Wu Jian
Yredelemnul
Zin


Innate Abilities, Weirdness & Mutations

You are partially covered in slimy green scales. (AC +2)
You are slightly more attuned to the shadows.
You are immune to rotting.


Message History

You hear some strange, mumbled words.
A puff of flame appears from out of thin air!
The puff of flame misses you.
A magic dart appears from out of thin air!
The magic dart hits you.
* * * LOW HITPOINT WARNING * * *
Casting: Iskenderun's Mystic Blast (safe; 7% risk of failure)
Confirm with . or Enter, or press ? or * to list all spells.
You can't see any susceptible monsters within range! (Use Z to cast anyway.)
Casting: Iskenderun's Mystic Blast (safe; 7% risk of failure)
Confirm with . or Enter, or press ? or * to list all spells.
Aiming: Searing Ray (safe; 3% risk of failure)
Press: ? - help, Shift-Dir - straight line (Press . to maintain the ray.)
Something hits you.
* * * LOW HITPOINT WARNING * * *
You hear some strange, mumbled words.
A magic dart appears from out of thin air!
The magic dart hits you.
You die...

##.####...#
#.## ##.##
##.# ### ##.##
#..# ##.##
#..####
##.#...##
.#####.@.....#
.......{.....#
#.....#######
#####..# ##.##
#..## #...#
#......#
#...#####)..


There were no monsters in sight!

Vanquished Creatures
  An ogre (D:4)
  A howler monkey (D:4)
  4 orc priests
  A gnoll shaman (D:4)
  An orc wizard (D:5)
  7 gnolls
  2 adders (D:3)
  2 worms
  4 dart slugs
  4 leopard geckos
  6 orcs
  A giant cockroach (D:1)
  7 hobgoblins
  14 jackals
  A quokka (D:3)
  2 ball pythons
  8 bats
  3 frilled lizards (D:1)
  5 goblins
  10 kobolds
  2 quokka skeletons (D:4)
  8 rats
94 creatures vanquished.

Notes
Turn   | Place    | Note
-------+----------+-------------------------------------------
     0 | D:1      | BeastOfSaturn the Demonspawn Conjurer began the quest for
                  | the Orb.
     0 | D:1      | Reached XP level 1. HP: 13/13 MP: 3/3
   195 | D:1      | Gained mutation: You are slightly more attuned to the
                  | shadows. [demonic ancestry]
   195 | D:1      | Reached XP level 2. HP: 19/19 MP: 3/5
   264 | D:1      | Learned a level 2 spell: Searing Ray
   852 | D:1      | Reached XP level 3. HP: 21/24 MP: 1/6
  1142 | D:1      | Learned a level 3 spell: Iskenderun's Mystic Blast
  1528 | D:2      | Reached skill level 5 in Conjurations
  2131 | D:3      | Gained mutation: You are immune to rotting. [demonic
                  | ancestry]
  2131 | D:3      | Reached XP level 4. HP: 30/30 MP: 3/8
  2719 | D:3      | Found an iron altar of Okawaru.
  3205 | D:4      | Noticed an ogre
  3215 | D:4      | Killed an ogre
  3215 | D:4      | Reached skill level 1 in Shields
  3215 | D:4      | Gained mutation: You are partially covered in slimy green
                  | scales. (AC +2) [demonic ancestry]
  3215 | D:4      | Reached XP level 5. HP: 35/35 MP: 4/10
  3263 | D:4      | Reached XP level 6. HP: 41/41 MP: 3/11
  3355 | D:4      | Reached skill level 6 in Conjurations
  3402 | D:4      | Found a white marble altar of Elyvilon.
  3403 | D:4      | Found a snail-covered altar of Cheibriados.
  3403 | D:4      | Found a glowing silver altar of Zin.
  3405 | D:4      | Found an ornate altar of the Wu Jian Council.
  3405 | D:4      | Found an opulent altar of Gozag.
  3407 | D:4      | Found a blossoming altar of Fedhas.
  3407 | D:4      | Found a hazy altar of Hepliaklqana.
  3806 | D:4      | Found a basalt altar of Yredelemnul.
  3834 | D:5      | Entered Level 5 of the Dungeon
  4103 | D:5      | HP: 2/41 [something (1)]
  4104 | D:5      | Killed from afar by an orc wizard

Skill      XL: |  1  2  3  4  5  6 |
---------------+-------------------+-----
Conjurations   | 5 6 |  6.5
Dodging        | 2 |  2.0
Spellcasting   | 3 4 |  4.3
Shields        | 1 |  1.8
Short Blades   | |  0.1
Polearms       | |  0.3
Stealth        | |  2.0

Action                   |  1- 3 |  4- 6 || total
-------------------------+-------+-------++-------
Melee: Short sword       |    26 |     3 ||    29
       Dagger            |       |    17 ||    17
       Trident           |       |    46 ||    46
 Cast: Magic Dart        |    74 |    29 ||   103
       Searing Ray       |     6 |     8 ||    14
       Iskenderun's Myst |     3 |    12 ||    15
  Use: Scroll            |     1 |       ||     1
 Stab: Sleeping          |     4 |     2 ||     6
  Eat: Ration            |     2 |     3 ||     5
       Chunk             |     1 |       ||     1
Armor: Robe              |     3 |     5 ||     8
Dodge: Dodged            |    39 |    46 ||    85
Block: Buckler           |     1 |    13 ||    14
